cohdb
Replays
Latest Replays
All Replays
Popular Replays
Top Player Replays
Match Explorer
How It Works
Community
CoH3 Stats
Reddit
Sign in to upload your games and track your stats! →
Sign in with Steam
Match 41414791
Unlisted
Match 41414791
Overview
Messages
Build Orders
End
Engineer Squad
Construct Barracks
Selects Special Operations Battlegroup
Riflemen Squad
1⁄4-ton 4x4 Truck
Grenade Package
Construct Weapon Support Center
Bazooka Squad
Improved M9 Bazooka Rockets
Selects Raiding Flares
Raiding Flares
Riflemen Squad
Infantry Support Center
Raiding Flares
M3 Armored Personnel Carrier
Selects M29 Weasel with M1 Pack Howitzer
Raiding Flares
Bazooka Squad
M1919 Machine Gun Team
Raiding Flares
Construct Motor Pool
.30 cal Machine Gun
Raiding Flares
Selects P-47 Anti-Infantry Loiter
Selects UNKNOWN (2162291)
M24 Chaffee Light Tank
M1 Anti-tank Gun Team
Raiding Flares
P-47 Anti-Infantry Loiter
Bootz
Tvman265
Magmakarp
焱
TRANS-AM
Karl Müller
Big Äl
OldMinewars41
0
0
Comments
sign in to comment!
No comments posted yet!